 Dungeon Crawl Stone Soup version 0.29-a0-338-g1ff7896281 (webtiles) character file.

Game seed: 2094264186482266452

3850 Dauddaud the Severer (level 9, -2/105 HPs)
             Began as a Minotaur Berserker on Apr 19, 2022.
             Was a Priest of Trog.
             Succumbed to Duvessa's poison
             ... on level 7 of the Dungeon.
             The game lasted 00:17:09 (7922 turns).

Dauddaud the Severer (Minotaur Berserker)           Turns: 7922, Time: 00:17:10

Health: -2/105     AC: 14    Str: 27    XL:     9   Next: 98%
Magic:  8/8        EV:  7    Int:  4    God:    Trog [***...]
Gold:   454        SH:  0    Dex: 13    Spells: 8/8 levels left

rFire   x . .      SeeInvis .   I - +0 battleaxe (vorpal)
rCold   + . .      Faith    .   (shield currently unavailable)
rNeg    . . .      Spirit   .   F - +0 plate armour
rPois   .          Reflect  .   (helmet restricted)
rElec   +          Harm     .   (no cloak)
rCorr   +          Rampage  .   o - +1 pair of gloves of Beneo {rElec rCorr Dex+4}
Will    .....                   n - +0 pair of boots
Stlth   ..........              (no amulet)
HPRegen 0.27/turn               j - ring of resist corrosion
MPRegen 0.11/turn               v - ring of ice

@: berserking, lethally poisoned (-2 -> -31), very quick
A: horns 2, retaliatory headbutt
a: Renounce Religion, Berserk, Trog's Hand


You were on level 7 of the Dungeon.
You worshipped Trog.
Trog was most pleased with you.
You visited 1 branch of the dungeon, and saw 7 of its levels.

You collected 529 gold pieces.
You spent 75 gold pieces at shops.

Inventory:

Hand Weapons
 a - a +0 hand axe
 y - a +0 war axe
 I - a +0 vorpal battleaxe (weapon)
 L - the +10 hand axe of the Yoke {protect, Drain rPois Str+2 Dex+4}
   (You found it on level 7 of the Dungeon)

   It grants its wielder temporary protection when it strikes (+7 to AC).
   Str:       It affects your strength (+2).
   Dex:       It affects your dexterity (+4).
   rPois:     It protects you from poison.
   Drain:     It drains your maximum health when unequipped.
Missiles
 q - 2 throwing nets (quivered)
Armour
 b - a +0 animal skin
 n - a +0 pair of boots (worn)
 o - the +1 pair of gloves of Beneo (worn) {rElec rCorr Dex+4}
   (You found it on level 2 of the Dungeon)

   Dex:       It affects your dexterity (+4).
   rElec:     It insulates you from electricity.
   rCorr:     It protects you from acid and corrosion.
 p - a +0 scale mail
 r - a +0 chain mail
 F - a +0 plate armour (worn)
Jewellery
 j - a ring of resist corrosion (left hand)
 v - a ring of ice (right hand)
 w - the ring "Rylaulergh" {rPois rN+ Int+3}
   (You found it on level 3 of the Dungeon)

   [ring of positive energy]

   Int:       It affects your intelligence (+3).
   rPois:     It protects you from poison.
   rN:        It protects you from negative energy.
 E - a ring of protection from fire
 H - the ring of the Hare {EV+8}
   (You found it on level 5 of the Dungeon)

   [ring of evasion]

   EV:        It affects your evasion (+8).
Wands
 K - a wand of flame (16)
Scrolls
 c - 4 scrolls of fog
 e - 7 scrolls of teleportation
 f - 2 scrolls of blinking
 g - a scroll of immolation {unknown}
 u - 2 scrolls of magic mapping {unknown}
 x - a scroll of enchant armour {unknown}
 z - 2 scrolls of identify {unknown}
 A - a scroll of silence {unknown}
 C - a scroll of fear {unknown}
 J - 2 scrolls of enchant weapon {unknown}
Potions
 d - 3 potions of curing {unknown}
 h - a potion of might {unknown}
 i - 6 potions of heal wounds {unknown}
 k - a potion of lignification {unknown}
 l - 2 potions of berserk rage {unknown}
 m - 3 potions of flight {unknown}
 s - 2 potions of haste {unknown}
 t - a potion of ambrosia {unknown}
 B - a potion of degeneration {unknown}
 D - a potion of brilliance {unknown}
 G - 2 potions of cancellation {unknown}


   Skills:
 - Level 3.6 Fighting
 + Level 17.0 Axes
 - Level 2.4 Armour
 - Level 2.1 Dodging


You had 8 spell levels left.
You didn't know any spells.
Your spell library was empty.

Dungeon Overview and Level Annotations

Branches:
Dungeon (7/15)             Temple (0/1) D:7

Altars:
Fedhas
Hepliaklqana
Xom
Zin

Shops:
D:2 *   D:6 *

Annotations:
D:5 2 runed translucent doors
D:6 Grinder


Innate Abilities, Weirdness & Mutations

You have a pair of horns on your head.
You reflexively headbutt those who attack you in melee.


Message History

You feel very sick.
Duvessa hits you with a +1 rapier of venom.
You are more poisoned.
You slash Duvessa!
Duvessa is severely wounded.
You feel very sick. Duvessa barely misses you.
You closely miss Duvessa.
Duvessa is severely wounded.
You feel very sick.
Duvessa hits you with a +1 rapier of venom.
Duvessa hits you with a +1 rapier of venom!
You barely miss Duvessa. You headbutt Duvessa, but do no damage.
Duvessa is severely wounded.
You feel very sick. Duvessa hits you but does no damage.
You are more poisoned.
You hit Duvessa but do no damage.
Duvessa is severely wounded.
You feel very sick.
Duvessa hits you with a +1 rapier of venom!
* * * LOW HITPOINT WARNING * * *
You are more poisoned.
You are too injured to fight recklessly!
You are too injured to fight recklessly!
A red film seems to cover your vision as you go berserk!
You feel yourself moving faster!
You feel mighty!
* * * LOW HITPOINT WARNING * * *
You feel extremely sick. Duvessa barely misses you. You furiously retaliate!
You headbutt Duvessa!
Duvessa hits you with a +1 rapier of venom!
* * * LOW HITPOINT WARNING * * *
You are more poisoned.
You slice Duvessa!!
You kill Duvessa!
Trog accepts your kill.
* * * LOW HITPOINT WARNING * * *
You feel very sick.
Your Axes skill increases to level 17!
You die...

.....##+ ........
...........# ........
...........# ........
...........# ........
...........# ........
...........# ........
...........# ........
......)....# ........
......)@...###### ......#
####+##.........# ......#
#..?......# ......+
#.^?......# ......#
+.........# ......#
#.........#
......##########.........#
.........................#
.........................#


There were no monsters in sight!

Vanquished Creatures
  Maggie (D:6)
  A gargoyle (D:5)
  A troll (D:5)
  4 vampire mosquitoes (D:6)
  Duvessa (D:7)
  A water moccasin (D:7)
  An orc warrior (D:5)
  2 ice beasts
  2 sky beasts (D:5)
  2 black bears
  A centaur (D:7)
  3 ogres
  Blork the orc (D:5)
  A bullfrog (D:5)
  A kobold brigand (D:5)
  A scorpion (D:5)
  Dowan (D:7)
  A killer bee (D:5)
  4 howler monkeys
  6 hounds
  3 jellies
  An orc priest (D:5)
  5 iguanas
  7 orc wizards
  12 gnolls
  8 adders
  2 shadow imps (D:6)
  A white imp (D:3)
  A worm (D:2)
  7 dart slugs
  11 orcs
  5 bats
  5 endoplasms
  5 giant cockroaches
  6 goblins
  3 hobgoblins
  4 quokkas
  7 ball pythons
  2 frilled lizards
  9 kobolds
  4 rats
144 creatures vanquished.

Notes
Turn   | Place    | Note
-------+----------+-------------------------------------------
     0 | D:1      | Dauddaud the Minotaur Berserker began the quest for the
                  | Orb.
     0 | D:1      | Reached XP level 1. HP: 19/19 MP: 0/0
   163 | D:1      | Reached skill level 4 in Axes
   385 | D:1      | Reached XP level 2. HP: 26/26 MP: 1/1
   446 | D:1      | Found a faded altar of an unknown god.
   786 | D:2      | Identified the +1 pair of gloves of Beneo {rElec rCorr
                  | Dex+4}
   866 | D:2      | Reached skill level 5 in Axes
   875 | D:2      | Reached ** piety under Trog
   876 | D:2      | Reached XP level 3. HP: 11/31 MP: 2/2
  1216 | D:2      | Reached skill level 6 in Axes
  1216 | D:2      | Reached XP level 4. HP: 10/39 MP: 3/3
  1452 | D:2      | Found a blossoming altar of Fedhas.
  1881 | D:2      | Found Kumois's General Store.
  1887 | D:2      | Bought a scroll of blinking for 75 gold pieces
  2477 | D:3      | Reached XP level 5. HP: 45/45 MP: 4/4
  2498 | D:3      | Reached skill level 7 in Axes
  2628 | D:3      | Identified the ring "Rylaulergh" {rPois rN+ Int+3}
  2649 | D:3      | You fall into a shaft and drop 3 floors!
  2944 | D:6      | Noticed a black bear
  2962 | D:6      | Killed a black bear
  2963 | D:6      | Reached skill level 8 in Axes
  2963 | D:6      | Reached XP level 6. HP: 34/51 MP: 5/5
  3161 | D:6      | Found Xumy's Assorted Antiques.
  3227 | D:6      | Reached skill level 9 in Axes
  3657 | D:6      | Noticed a vampire mosquito
  3657 | D:6      | Noticed a vampire mosquito
  3657 | D:6      | Noticed a vampire mosquito
  3658 | D:6      | Noticed a vampire mosquito
  3662 | D:6      | Killed a vampire mosquito
  3663 | D:6      | Reached skill level 10 in Axes
  3663 | D:6      | Reached XP level 7. HP: 57/57 MP: 6/6
  3665 | D:6      | Killed a vampire mosquito
  3673 | D:6      | Killed a vampire mosquito
  3674 | D:6      | Reached skill level 11 in Axes
  3678 | D:6      | Killed a vampire mosquito
  3760 | D:6      | Reached XP level 8. HP: 62/64 MP: 7/7
  3920 | D:6      | Noticed Grinder
  3920 | D:6      | Paralysed by Grinder for 7 turns
  3967 | D:6      | Paralysed by Grinder for 6 turns
  3976 | D:5      | Entered Level 5 of the Dungeon
  3976 | D:5      | Noticed Blork the orc
  3987 | D:5      | Killed Blork the orc
  4084 | D:5      | Reached skill level 12 in Axes
  4135 | D:5      | Found a large runed translucent door.
  4135 | D:5      | Found a large runed translucent door.
  4151 | D:5      | Noticed a troll
  4152 | D:5      | Found the ring of the Hare {EV+8}
  4158 | D:5      | Found a large runed translucent door.
  4158 | D:5      | Found a large runed translucent door.
  4939 | D:4      | Found a hazy altar of Hepliaklqana.
  5040 | D:4      | Reached *** piety under Trog
  5059 | D:4      | Reached skill level 13 in Axes
  5882 | D:5      | Reached skill level 14 in Axes
  5920 | D:5      | Reached XP level 9. HP: 29/70 MP: 8/8
  6207 | D:5      | Noticed a gargoyle
  6220 | D:5      | Killed a gargoyle
  6489 | D:5      | Reached skill level 15 in Axes
  6688 | D:5      | Killed a troll
  7137 | D:6      | Noticed Maggie
  7147 | D:6      | Killed Maggie
  7148 | D:6      | Reached skill level 16 in Axes
  7528 | D:7      | Found a staircase to the Ecumenical Temple.
  7566 | D:7      | Found a shimmering altar of Xom.
  7567 | D:7      | Noticed an angel
  7571 | D:7      | Found a glowing silver altar of Zin.
  7635 | D:7      | Identified the +10 hand axe of the Yoke {protect, Drain
                  | rPois Str+2 Dex+4}
  7907 | D:7      | Noticed Dowan
  7908 | D:7      | Noticed Duvessa
  7912 | D:7      | Killed Dowan
  7920 | D:7      | HP: 5/105 [Duvessa/+1 rapier of venom (16)]
  7921 | D:7      | Killed Duvessa
  7921 | D:7      | HP: 2/105 [poisoned by Duvessa]
  7922 | D:7      | Reached skill level 17 in Axes
  7922 | D:7      | Succumbed to Duvessa's poison

Illustrated notes

Levels and vault maps discovered:
D:1:      wander_arrival_peaceful_grave, layout_basic,
          dilly_ecumenical_altar_fadedgnrine
D:2:      layout_basic, serial_shops, nicolae_shop_hallway_plus, basic_altar,
          glass_columns_a, minmay_misc_feat_rows, minmay_domino_2
D:3:      layout_loops_cross
D:4:      layout_cave_pods, amcnicky_altar_gilded, kennysheep_potato
D:5:      layout_cave_pools, grunt_ministairs_2, minmay_hollow_rounded_squares,
          uniq_blork_the_orc
D:6:      layout_basic, serial_shops, nicolae_shop_overgrown_old_shop,
          uniq_maggie, uniq_grinder
D:7:      layout_gridville, grunt_temple_overflow_order_and_chaos_1,
          minmay_temple_entry_junction, uniq_duvessa

Skill      XL: |  1  2  3  4  5  6  7  8  9 |
---------------+----------------------------+-----
Axes           | 4 5 6 8 10 11 14 17 | 17.0
Fighting       | |  3.6
Armour         | |  2.4
Dodging        | |  2.1

Action                   |  1- 3 |  4- 6 |  7- 9 || total
-------------------------+-------+-------+-------++-------
Melee: Hand axe          |    68 |   104 |       ||   172
       Headbutt          |     9 |    15 |    40 ||    64
       Punch             |     1 |     2 |     1 ||     4
       War axe           |       |     3 |   147 ||   150
       Battleaxe         |       |       |    57 ||    57
Invok: Berserk           |     1 |     4 |     5 ||    10
       Trog's Hand       |       |     2 |     2 ||     4
  Use: Scroll            |       |     2 |       ||     2
 Stab: Distracted        |     1 |       |       ||     1
       Sleeping          |     1 |       |       ||     1
Armor: Animal skin       |    18 |     4 |       ||    22
       Chain mail        |       |    55 |    67 ||   122
       Scale mail        |       |     3 |       ||     3
       Plate armour      |       |       |    40 ||    40
Dodge: Dodged            |    32 |    47 |    83 ||   162

Table legend: (Time is in decaauts)
 A = Elapsed time spent in this place.
 B = Non-inter-level travel time spent in this place.
 C = Inter-level travel time spent in this place.
 D = Time resting spent in this place.
 E = Time spent auto-exploring this place.
 F = Levels seen in this place.
 G = Mean time per level.
                   A        B        C        D        E       F      G
               +--------+--------+--------+--------+--------+-----+--------+
         Total |   7973 |   7739 |    234 |   2300 |   4374 |   7 | 1139.0 |
       Dungeon |   7973 |   7739 |    234 |   2300 |   4374 |   7 | 1139.0 |
               +--------+--------+--------+--------+--------+-----+--------+

Top non-repeatable levels by time:
     D:6: 1886 daAuts
     D:2: 1615 daAuts
     D:4: 1288 daAuts
     D:5: 1205 daAuts
     D:1: 781 daAuts
     D:3: 769 daAuts
     D:7: 426 daAuts
